 Dungeon Crawl Stone Soup version 0.28.0-53-g5a82cb258f (webtiles) character file.

Game seed: 4615977234338093085

15 MiltankisOP the Insei (level 2, 0/18 HPs)
             Began as an Octopode Transmuter on June 14, 2022.
             Slain by a hobgoblin (5 damage)
             ... on level 1 of the Dungeon.
             The game lasted 00:00:44 (318 turns).

MiltankisOP the Insei (Octopode Transmuter)          Turns: 318, Time: 00:00:45

Health: 0/18       AC:  1    Str:  9    XL:     2   Next: 50%
Magic:  5/5        EV: 13    Int: 15    God:
Gold:   0          SH:  0    Dex: 12    Spells: 4/5 levels left

rFire   . . .      SeeInvis .     - Unarmed
rCold   . . .      Faith    .   (no shield)
rNeg    . . .      Spirit   .   (helmet restricted)
rPois   .          Reflect  .   (no amulet)
rElec   .          Harm     .   (no ring)
rCorr   .          Rampage  .   (no ring)
Will    .....                   (no ring)
Stlth   +++.......              (no ring)
HPRegen 0.06/turn               (no ring)
MPRegen 0.09/turn               (no ring)
                                (no ring)
                                (no ring)

@: no status effects
A: almost no armour, amphibious, 8 rings, camouflage 1, gelatinous body 1,
(nimble swimmer 1), tentacles
a: no special abilities


You were on level 1 of the Dungeon.
You visited 1 branch of the dungeon, and saw 1 of its levels.

You aren't carrying anything.


   Skills:
 + Level 1.1 Fighting
 + Level 2.0 Dodging
 - Level 3.0 Stealth
 - Level 3.0 Unarmed Combat
 - Level 2.0 Spellcasting
 - Level 2.0 Transmutations


You had 4 spell levels left.
You knew the following spells:

 Your Spells              Type           Power      Damage    Failure   Level
a - Beastly Appendage     Tmut           14%        N/A       10%         1

Your spell library contained the following spells:

 Spells                   Type           Power      Damage    Failure   Level
 Wereblood                Tmut           7%         N/A       14%         2
 Spider Form              Tmut/Pois      4%         N/A       41%         3
 Ice Form                 Ice/Tmut       4%         N/A       82%         4


Dungeon Overview and Level Annotations

Branches:
Dungeon (1/15)

Altars:


Innate Abilities, Weirdness & Mutations

You cannot wear most types of armour.
You are amphibious.
You can wear up to eight rings at the same time.
Your skin changes colour to match your surroundings (Stealth+).
Your rubbery body absorbs attacks. (AC +1, EV +1)
((You are camouflaged when in or above water. (Stealth+)))
You have tentacles for arms and can constrict up to eight enemies at once.


Message History

A hobgoblin comes into view.
The ball python bites you. The ball python grabs you.
The ball python constricts you.
There is an open door here.
The ball python's grasp on you weakens, but your attempt to escape fails.
The jackal closely misses you. The ball python barely misses you.
The ball python constricts you. The bat barely misses you.
The jackal bites you.
You escape the ball python's grasp.
The bat completely misses you.
Your transformation is almost over.
The bat closely misses you.
You barely miss the bat. Your grab misses the bat.
You pierce the bat.
You kill the bat!
You tentacle-slap the jackal but do no damage.
You grab the jackal. You constrict the jackal. The jackal closely misses you.
You tentacle-slap the jackal.
You pierce the jackal.
You kill the jackal!
You tentacle-slap the ball python. You grab the ball python.
You pierce the ball python.
You kill the ball python!
Training target 3.0 for Stealth reached!
Your Stealth skill increases to level 3!
You need to enable at least one skill for training.
You barely miss the rat. You grab the rat.
You pierce the rat.
You kill the rat!
You barely miss the kobold. Your grab misses the kobold.
Your tentacle spike misses the kobold.
The kobold closely misses you.
You tentacle-slap the kobold but do no damage.
You grab the kobold.
You pierce the kobold, but do no damage.
You constrict the kobold. The kobold hits you with a +0 dagger.
* * * LOW HITPOINT WARNING * * *
You tentacle-slap the kobold.
You kill the kobold!
Your tentacle spike disappears.
You tentacle-slap the hobgoblin. You grab the hobgoblin.
The hobgoblin is severely wounded.
You constrict the hobgoblin, but do no damage.
The hobgoblin hits you.
You die...

.. ... .# ..g .K## .#
....##..## .##......
.......g.##.# .hS..
#.....##......#
#rS...........#
##'########...
#..######.## #S.
.......@g..# #.#
##.#######'#######'#
##.....†...##
#...#####...##
#.#.#÷###.#.#.##
#.##.##.#.##.##.##
#.# #.###.###.###.#
##.####.##.#.##.####.
+.........###........


You could see a hobgoblin.

Vanquished Creatures
  2 bats (D:1)
  A hobgoblin (D:1)
  5 jackals (D:1)
  2 ball pythons (D:1)
  A kobold (D:1)
  2 rats (D:1)
13 creatures vanquished.

Notes
Turn   | Place    | Note
-------+----------+-------------------------------------------
     0 | D:1      | MiltankisOP the Octopode Transmuter began the quest for the
                  | Orb.
     0 | D:1      | Reached XP level 1. HP: 13/13 MP: 3/3
    20 | D:1      | Reached skill level 1 in Stealth
   273 | D:1      | Reached XP level 2. HP: 18/18 MP: 3/5
   318 | D:1      | Slain by a hobgoblin

Illustrated notes

Levels and vault maps discovered:
D:1:      roderic_octagonal_star, layout_basic,
          shapermc_ecumenical_altar_mp_vishouse, minmay_heptomino_w4

Skill      XL: |  1  2 |
---------------+-------+-----
Stealth        | 2 3 |  3.0
Fighting       | |  1.1
Dodging        | |  2.0
Unarmed Combat | |  3.0
Spellcasting   | |  2.0
Transmutations | |  2.0

Action                   || total
-------------------------++-------
Melee: Unarmed           ||    28
       Tentacles         ||     4
       Constrict         ||     9
       Kick              ||     7
 Cast: Beastly Appendage ||     3
Armor: Skin              ||     3
Dodge: Dodged            ||    25
